cohdb
Replays
Latest Replays
All Replays
Popular Replays
Top Player Replays
Match Explorer
How It Works
Community
CoH3 Stats
Reddit
Sign in to upload your games and track your stats! →
Sign in with Steam
Match 44708182
Unlisted
Match 44708182
Overview
Messages
Build Orders
End
Construct Infanterie Kompanie
Grenadier Squad
Grenadier Squad
Selects Breakthrough Battlegroup
MG 42 Machine Gun Team
Grenadier Squad
Infanterie Officer Quarters
Selects Assault Grenadiers
Selects Breakthrough
GrW 34 Mortar Team
Construct Luftwaffe Kompanie
Jäger Squad
Selects Mechanized Assault Group
Support Elements
Selects Rapid Production
Wirbelwind Flakpanzer
Mechanized Assault Group
Selects Blitzkrieg
pagep
7k this year for sure
☾MENTAL✧B☈EAKDANCE☽™
Nong Job
0
0
Comments
sign in to comment!
No comments posted yet!